Map: Vigía EE

Players

TDAUE - Winner!

  • Race: Terran Terran
  • League: Gold
  • Spawn Location: 12:00

khaosser - Winner!

  • Race: Protoss Protoss
  • League: Platinum
  • Spawn Location: 9:00

PRAIM - Winner!

  • Race: Protoss Protoss
  • Spawn Location: 9:00

MrFercho

  • Race: Zerg Zerg
  • League: Gold
  • Spawn Location: 6:00

TATORREA

  • Race: Protoss Protoss
  • League: Gold
  • Spawn Location: 5:00

tigro

  • Race: Terran Terran
  • League: Bronze
  • Spawn Location: 5:00

VOD

Have the link to the VOD?

Description

Time

  • Played on: Aug. 17, 2020, 8:31 p.m.
  • Length: 12:58
Show
View Real Time Build Order
Export as new Build Order

TDAUE Terran - Winner!

Build Orders:  

Get SALT Encoding   

  12  0:01  SCV  
  13  0:13  SCV  
  14  0:20  Supply Depot  
  14  0:26  SCV  
  15  0:42  SCV  
  16  0:52  Supply Depot  
  16  0:59  SCV  
  16  1:00  Barracks  
  17  1:10  Refinery  
  17  1:12  SCV  
  18  1:19  Supply Depot  
  18  1:31  SCV  
  19  1:43  SCV  
  20  1:48  Refinery  
  21  1:55  SCV  
  21  2:07  Command Center, SCV  
  22  2:22  Factory  
  22  2:26  Orbital Command  
  22  2:52  SCV  
  23  3:07  SCV  
  23  3:09  Factory Tech Lab  
  24  3:21  Refinery  
  24  3:32  Engineering Bay  
  24  3:35  Orbital Command  
  24  3:41  SCV  
  24  3:47  Refinery  
  25  3:50  Marine  
  25  3:53  SCV  
  27  3:56  Siege Tank  
  27  4:01  SCV  
  31  4:08  Marine  
  32  4:23  Missile Turret  
  32  4:26  Marine  
  32  4:28  Siege Tank  
  32  4:30  Missile Turret  
  36  4:33  SCV  
  36  4:35  SCV  
  38  4:44  Marine  
  40  4:45  SCV  
  40  4:47  SCV  
  41  4:58  SCV  
  41  4:59  SCV  
  43  5:10  SCV  
  43  5:11  Starport, SCV  
  43  5:12  Supply Depot  
  45  5:16  Command Center  
  45  5:28  SCV x2  
  47  5:39  Missile Turret  
  47  5:53  Siege Tank  
  47  5:56  Starport Tech Lab  
  50  6:02  Armory  
  50  6:07  Supply Depot  
  50  6:09  SCV x2  
  52  6:14  Starport  
  52  6:17  Starport  
  52  6:20  Fusion Core  
  52  6:21  SCV  
  53  6:31  Refinery  
  53  6:43  Siege Tank  
  56  6:55  Armory  
  56  7:00  Supply Depot  
  56  7:01  SCV x2  
  56  7:02  SCV  
  59  7:15  Missile Turret, SCV  
  60  7:23  Starport Tech Lab x2  
  60  7:27  SCV  
  60  7:29  Weapon Refit  
  61  7:31  Terran Vehicle Weapons Level 1  
  61  7:35  Missile Turret  
  61  7:39  SCV  
  61  7:42  Refinery  
  62  7:51  SCV  
  63  7:54  Siege Tank  
  63  7:56  Missile Turret  
  66  8:00  Battlecruiser  
  66  8:03  SCV  
  73  8:15  SCV  
  73  8:18  Missile Turret  
  74  8:26  Siege Tank  
  77  8:27  SCV  
  78  8:35  Supply Depot  
  78  8:36  Supply Depot  
  78  8:37  Supply Depot x2, Missile Turret  
  78  8:39  SCV  
  79  8:43  Terran Vehicle And Ship Armor Level 1  
  79  8:51  SCV  
  80  8:59  Missile Turret  
  80  9:03  SCV  
  80  9:06  Missile Turret  
  80  9:09  Battlecruiser x2  
  93  9:16  SCV  
  94  9:18  SCV x2  
  96  9:28  SCV  
  96  9:30  SCV x2  
  99  9:40  SCV  
  100  9:52  SCV  
  101  9:58  Battlecruiser  
  107  10:13  Battlecruiser  
  110  10:45  Battlecruiser  
  110  10:49  Terran Ship Weapons Level 1  
  107  10:58  SCV  
  107  11:03  Battlecruiser  
  111  11:10  SCV  
  112  11:11  Starport  
  112  11:13  Starport  
  112  11:19  Battlecruiser  
  112  11:23  SCV  
  119  11:49  Battlecruiser  
Show
View Real Time Build Order
Export as new Build Order

khaosser Protoss - Winner!

Build Orders: Blink Stalkers 

Get SALT Encoding   

  12  0:01  Probe (Chrono Boost)  
  13  0:17  Pylon  
  13  0:23  Assimilator  
  13  0:26  Probe  
  14  0:37  Gateway  
  14  0:47  Probe  
  15  0:54  Assimilator  
  15  0:59  Probe (Chrono Boost)  
  16  1:09  Pylon  
  17  1:11  Probe (Chrono Boost)  
  17  1:33  Cybernetics Core  
  17  1:45  Probe  
  18  1:57  Probe  
  19  2:08  Nexus  
  19  2:10  Probe  
  20  2:19  Stalker, Warp Gate (Chrono Boost)  
  22  2:35  Probe  
  22  2:57  Twilight Council  
  22  2:59  Stalker, Robotics Facility  
  24  3:07  Pylon  
  25  3:21  Probe (Chrono Boost)  
  25  3:23  Probe (Chrono Boost)  
  26  3:27  Shield Battery  
  26  3:31  Probe (Chrono Boost)  
  27  3:34  Blink (Chrono Boost)  
  27  3:36  Probe (Chrono Boost)  
  27  3:40  Probe  
  29  3:48  Observer  
  30  3:55  Probe x2  
  32  4:02  Assimilator  
  32  4:06  Pylon  
  32  4:07  Probe x2  
  34  4:17  Immortal (Chrono Boost)  
  34  4:19  Probe  
  34  4:22  Probe  
  40  4:29  Shield Battery  
  40  4:32  Stalker  
  42  4:48  Probe x2  
  44  4:53  Forge  
  48  5:00  Immortal, Probe  
  49  5:14  Probe x2  
  51  5:20  Stalker  
  53  5:26  Probe  
  53  5:27  Probe  
  53  5:28  Pylon  
  55  5:31  Photon Cannon  
  55  5:33  Assimilator  
  55  5:38  Probe  
  55  5:39  Probe  
  57  5:43  Protoss Ground Weapons Level 1 (Chrono Boost)  
  57  5:55  Photon Cannon  
  57  6:00  Gateway  
  57  6:02  Gateway, Probe  
  57  6:03  Probe  
  59  6:04  Robotics Bay  
  59  6:10  Stalker  
  61  6:39  Photon Cannon, Nexus  
  61  6:43  Pylon  
  61  6:52  Extended Thermal Lance (Chrono Boost)  
  60  7:09  Colossus (Chrono Boost)  
  66  7:31  Stalker x3  
  66  7:35  Protoss Ground Armor Level 1 (Chrono Boost)  
  72  7:44  Gateway  
  72  7:47  Gateway  
  72  7:49  Gateway  
  72  7:56  Probe x3  
  75  8:03  Photon Cannon  
  75  8:05  Photon Cannon  
  75  8:08  Assimilator, Probe x3  
  75  8:11  Assimilator, Colossus  
  84  8:23  Stalker x2  
  84  8:24  Stalker, Charge (Chrono Boost)  
  90  8:31  Probe x3  
  93  8:49  Gateway  
  93  8:50  Observer  
  93  8:51  Gateway  
  93  8:53  Shield Battery  
  93  8:58  Pylon  
  93  9:00  Pylon  
  93  9:16  Probe x3  
  96  9:28  Probe, Zealot x3  
  96  9:29  Zealot x3  
  109  9:36  Protoss Ground Weapons Level 2  
  109  9:56  Pylon  
  109  9:57  Pylon  
  109  10:00  Pylon  
  109  10:02  Pylon  
  109  10:13  Colossus  
  113  10:27  Stalker x5  
  113  10:28  Stalker x3  
  119  10:56  Stalker x6  
  119  10:57  Stalker x2  
  103  11:07  Warp Prism (Chrono Boost)  
  99  11:20  Stalker x6  
  99  11:21  Stalker x2  
  115  11:43  Zealot x3  
  115  11:44  Zealot x5  
  131  12:17  Zealot x5  
Show
View Real Time Build Order
Export as new Build Order

PRAIM Protoss - Winner!

Build Orders: Oracle Opening 

Get SALT Encoding   

  12  0:01  Probe (Chrono Boost)  
  13  0:25  Pylon  
  13  0:27  Probe  
  14  0:39  Probe  
  14  0:40  Assimilator  
  15  0:51  Gateway  
  15  1:05  Probe (Chrono Boost)  
  16  1:12  Pylon  
  16  1:15  Probe (Chrono Boost)  
  17  1:20  Probe (Chrono Boost)  
  17  1:21  Assimilator  
  18  1:31  Probe  
  19  1:40  Cybernetics Core  
  19  1:43  Probe  
  20  1:52  Pylon  
  20  1:55  Probe  
  21  2:06  Pylon  
  21  2:07  Probe  
  22  2:18  Stargate  
  22  2:20  Probe  
  22  2:22  Stalker (Chrono Boost)  
  25  2:42  Stargate  
  25  2:47  Forge  
  25  2:54  Probe  
  26  3:06  Oracle (Chrono Boost)  
  29  3:25  Photon Cannon  
  29  3:36  Stalker  
  31  3:53  Void Ray  
  35  4:13  Void Ray  
  39  4:27  Nexus  
  39  4:32  Probe  
  40  4:44  Probe  
  41  4:56  Probe  
  39  5:16  Void Ray, Assimilator  
  39  5:17  Void Ray  
  39  5:20  Assimilator  
  47  5:22  Pylon  
  47  5:25  Pylon  
  47  5:32  Pylon  
  47  5:43  Probe (Chrono Boost)  
  47  5:49  Photon Cannon  
  48  5:52  Probe (Chrono Boost)  
  49  5:57  Probe (Chrono Boost)  
  50  6:08  Probe (Chrono Boost)  
  50  6:09  Probe (Chrono Boost)  
  52  6:13  Robotics Facility  
  53  6:20  Shield Battery, Probe (Chrono Boost)  
  53  6:23  Probe (Chrono Boost)  
  54  6:25  Probe (Chrono Boost)  
  55  6:35  Probe  
  55  6:37  Void Ray  
  60  6:46  Stargate  
  60  6:47  Probe (Chrono Boost)  
  61  6:59  Probe (Chrono Boost)  
  62  7:07  Probe (Chrono Boost)  
  63  7:14  Probe  
  45  7:26  Probe  
  43  7:38  Probe (Chrono Boost)  
  44  7:44  Photon Cannon  
  44  7:46  Photon Cannon  
  44  7:48  Probe (Chrono Boost)  
  45  7:52  Void Ray  
  45  7:56  Probe (Chrono Boost)  
  50  7:59  Observer  
  50  8:02  Probe (Chrono Boost)  
  52  8:12  Probe (Chrono Boost)  
  53  8:18  Probe (Chrono Boost)  
  54  8:20  Observer  
  54  8:26  Probe  
  56  8:31  Void Ray  
  60  8:38  Probe  
  61  8:42  Observer  
  62  8:50  Probe  
  62  8:53  Fleet Beacon  
  63  9:00  Pylon  
  63  9:02  Probe  
  64  9:14  Probe  
  65  9:32  Stargate  
  65  9:34  Stargate  
  65  9:40  Unknown  
  65  9:46  Void Ray  
  65  9:51  Probe (Chrono Boost)  
  70  9:58  Shield Battery  
  70  10:01  Probe (Chrono Boost)  
  70  10:06  Probe (Chrono Boost)  
  72  10:18  Probe  
  73  10:29  Tempest x2  
  73  10:30  Probe  
  76  10:50  Tempest  
  76  10:54  Tempest  
  78  11:08  Carrier  
  71  11:27  Void Ray  
  75  11:42  Probe (Chrono Boost), Nexus  
  76  11:52  Assimilator  
  76  11:56  Assimilator  
  76  11:57  Observer  
  77  12:14  Void Ray, Tempest  
  86  12:25  Observer  
Show
View Real Time Build Order
Export as new Build Order

MrFercho Zerg 

Build Orders: Hatch First, Lurkers 

Get SALT Encoding   

  12  0:08  Drone  
  13  0:17  Overlord  
  13  0:18  Drone  
  14  0:36  Drone x2  
  16  0:53  Drone  
  16  0:54  Hatchery  
  16  0:59  Drone  
  16  1:03  Drone  
  18  1:13  Extractor  
  17  1:18  Spawning Pool  
  17  1:21  Drone  
  17  1:26  Drone  
  18  1:36  Drone  
  19  1:55  Drone  
  19  1:57  Overlord  
  20  2:07  Drone x2  
  22  2:12  Queen  
  22  2:13  Queen  
  26  2:18  Zergling x4  
  28  2:29  Drone  
  29  2:30  Drone  
  30  2:46  Drone x2  
  32  2:55  Metabolic Boost  
  32  2:57  Lair  
  32  2:58  Drone  
  32  2:59  Drone  
  34  3:06  Drone x2  
  36  3:16  Overlord  
  36  3:17  Overlord  
  36  3:27  Baneling Nest  
  35  3:33  Queen, Drone  
  38  3:34  Drone  
  38  3:35  Evolution Chamber, Drone x5  
  38  3:37  Extractor  
  42  3:53  Spore Crawler  
  41  3:57  Spore Crawler  
  41  4:00  Drone  
  41  4:10  Zerg Ground Armor Level 1  
  41  4:15  Zergling x6  
  44  4:17  Overlord x2  
  44  4:38  Drone x3  
  46  4:39  Drone  
  46  4:40  Drone x2  
  46  4:41  Drone x3  
  46  4:44  Extractor  
  52  4:46  Zergling x2  
  52  4:49  Queen  
  55  5:10  Zergling x10  
  60  5:42  Hatchery  
  59  5:44  Baneling x14  
  59  5:45  Baneling x3  
  59  5:57  Hydralisk Den  
  59  5:58  Zergling x4  
  59  6:00  Overlord x3  
  59  6:01  Overlord  
  60  6:11  Zerg Melee Weapons Level 1  
  60  6:19  Zergling x14  
  60  6:20  Zergling x6  
  70  6:26  Zergling x2  
  70  6:27  Zergling x2  
  70  6:31  Zergling x6  
  75  6:33  Zergling x2  
  76  6:59  Muscular Augments  
  76  7:04  Evolution Chamber  
  75  7:12  Centrifical Hooks  
  48  7:36  Overlord  
  46  7:37  Hydralisk, Zerg Missile Weapons Level 1  
  46  7:38  Hydralisk x4  
  46  7:42  Drone x3  
  59  7:45  Queen  
  61  7:57  Overseer  
  61  8:00  Overseer  
  61  8:01  Pneumatized Carapace  
  61  8:04  Extractor, Hydralisk  
  62  8:10  Grooved Spines  
  62  8:26  Hydralisk x3  
  68  8:28  Zergling x30  
  68  8:29  Zergling x2  
  84  8:50  Drone  
  84  8:51  Drone x8  
  93  9:06  Lurker Den  
  93  9:09  Lurker Den  
  91  9:13  Infestation Pit  
  91  9:17  Hydralisk x3  
  97  9:39  Overlord  
  97  9:40  Overlord x2  
  97  9:41  Overlord  
  97  9:58  Baneling x15  
  97  9:59  Baneling x3  
  97  10:08  Extractor  
  97  10:12  Extractor  
  55  10:49  Hydralisk x12  
  79  10:57  Zergling x8  
  79  10:58  Zergling x26  
  96  11:22  Hive  
  96  11:25  Hydralisk x4  
  104  11:35  Overlord x2  
  104  11:36  Overlord  
  104  11:55  Lurker x3  
  104  11:56  Lurker  
  104  11:57  Lurker  
Show
View Real Time Build Order
Export as new Build Order

TATORREA Protoss 

Build Orders:  

Get SALT Encoding   

  12  0:02  Probe  
  13  0:14  Probe  
  14  0:26  Pylon, Probe  
  15  0:44  Probe  
  15  0:47  Gateway  
  16  0:56  Probe  
  17  1:08  Probe  
  18  1:16  Gateway  
  18  1:20  Probe  
  19  1:26  Assimilator  
  19  1:28  Pylon  
  19  1:29  Assimilator  
  19  1:32  Probe  
  20  1:36  Pylon  
  19  1:44  Probe  
  20  1:54  Cybernetics Core  
  20  1:56  Probe  
  21  2:08  Probe  
  22  2:20  Probe  
  23  2:33  Adept x2  
  23  2:35  Warp Gate  
  27  2:42  Twilight Council  
  27  2:51  Nexus  
  27  2:56  Pylon  
  27  3:12  Resonating Glaives (Chrono Boost), Adept x2  
  31  3:42  Adept x2  
  35  3:51  Probe  
  35  3:52  Gateway  
  35  3:54  Gateway  
  36  4:30  Stalker x2  
  40  4:34  Probe  
  40  4:35  Probe  
  42  4:47  Probe x2  
  42  4:50  Stalker x2  
  44  5:12  Probe x2  
  46  5:24  Probe x2  
  48  5:36  Probe  
  45  6:01  Stalker x4  
  45  6:03  Probe x2  
  55  6:15  Probe x2  
  57  6:22  Assimilator  
  57  6:24  Assimilator  
  57  6:27  Probe x2  
  59  6:34  Stargate  
  59  6:37  Stargate  
  59  6:39  Probe x2  
  61  6:43  Gateway  
  61  6:45  Pylon  
  61  6:51  Pylon, Probe  
  60  7:05  Stalker x3  
  60  7:06  Stalker  
  60  7:07  Probe x2  
  64  7:19  Probe x2  
  66  7:25  Fleet Beacon  
  66  7:31  Probe  
  67  7:37  Probe  
  68  7:44  Void Ray  
  68  7:49  Void Ray  
  76  8:02  Nexus  
  76  8:04  Pylon, Probe  
  76  8:05  Probe  
  78  8:06  Pylon  
  78  8:22  Probe x2  
  78  8:23  Protoss Air Weapons Level 1 (Chrono Boost)  
  78  8:27  Void Ray  
  80  8:32  Void Ray  
  80  8:34  Probe  
  89  8:44  Pylon  
  89  8:48  Pylon, Probe x2  
  91  8:54  Pylon  
  91  8:58  Pylon, Blink (Chrono Boost)  
  91  9:00  Probe x2  
  93  9:04  Assimilator  
  93  9:10  Assimilator  
  93  9:11  Void Ray  
  93  9:14  Unknown  
  97  9:21  Void Ray  
  101  9:28  Probe x2  
  101  9:29  Probe  
  104  9:35  Zealot x2  
  108  9:40  Probe  
  109  9:54  Void Ray  
  113  10:04  Void Ray  
  117  10:13  Probe  
  118  10:26  Stalker  
  118  10:27  Stalker x4  
  128  10:45  Charge  
  68  11:04  Stalker  
  68  11:05  Stalker x4  
  72  11:31  Stalker x5  
  60  11:51  Pylon  
  56  12:09  Stalker  
  56  12:10  Stalker x4  
Show
View Real Time Build Order
Export as new Build Order

tigro Terran 

Build Orders:  

Get SALT Encoding   

  12  0:17  SCV  
  13  0:26  Supply Depot  
  13  0:29  SCV  
  14  0:41  SCV  
  15  0:49  Supply Depot  
  15  0:53  SCV  
  15  0:54  Barracks  
  16  1:04  Refinery  
  16  1:05  SCV  
  17  1:17  SCV  
  18  1:29  SCV  
  18  1:30  Refinery  
  19  1:41  SCV  
  19  1:45  Marine  
  21  1:53  SCV  
  22  2:03  Marine  
  22  2:05  SCV  
  24  2:18  SCV  
  24  2:21  Marine  
  26  2:35  Factory  
  26  2:39  Marine  
  27  2:56  Marine, Engineering Bay  
  28  3:10  SCV  
  29  3:19  Factory Tech Lab  
  29  3:32  Command Center  
  29  3:34  Barracks Tech Lab  
  29  3:50  Missile Turret  
  29  4:09  Orbital Command  
  29  4:13  Combat Shield, Missile Turret  
  29  4:34  Supply Depot  
  29  4:43  Siege Tank  
  32  4:46  Missile Turret  
  32  4:57  Supply Depot  
  32  4:59  Refinery  
  32  5:09  Missile Turret  
  32  5:15  Siege Tank  
  32  5:16  Terran Infantry Weapons Level 1  
  35  5:28  Starport  
  35  5:31  Missile Turret  
  35  5:32  Stimpack  
  35  5:33  SCV  
  36  5:39  SCV  
  37  5:45  SCV  
  38  5:51  SCV  
  39  5:57  SCV  
  39  5:58  Marine  
  39  6:02  Missile Turret  
  39  6:03  SCV  
  42  6:07  Medivac  
  42  6:08  Armory  
  42  6:09  SCV  
  45  6:15  SCV  
  45  6:16  Marine  
  47  6:21  SCV, Refinery  
  48  6:33  Marine  
  48  6:34  SCV  
  50  6:46  SCV  
  48  6:51  Marine  
  49  6:58  SCV  
  50  7:06  Starport Tech Lab  
  50  7:09  Marine  
  50  7:11  Terran Infantry Armor Level 1  
  50  7:13  Fusion Core  
  51  7:22  Barracks  
  51  7:27  Marine  
  47  7:45  Marine  
  48  8:02  Marine  
  48  8:04  Thor  
  46  8:20  Marine  
  47  8:38  Marine, SCV  
  49  8:47  Thor  
  55  8:49  Barracks Reactor  
  55  8:50  SCV  
  56  8:56  Marine  
  56  8:57  Medivac  
  56  9:02  SCV  
  60  9:14  Marine, SCV  
  62  9:28  Battlecruiser  
  69  9:32  Marine  
  69  9:35  Planetary Fortress  
  69  9:41  Missile Turret  
  69  9:48  Marine  
  70  9:53  Command Center  
  70  9:57  Weapon Refit  
  70  9:58  Thor, Marine x2  
  78  10:00  Terran Vehicle Weapons Level 1  
  78  10:03  Missile Turret  
  78  10:19  Marine x2  
  78  10:20  Marine  
  73  10:25  Missile Turret  
  59  10:37  Marine x2  
  59  10:38  Marine  
  59  10:41  Thor  
  68  10:45  Missile Turret  
  68  10:55  Marine x2  
  68  10:56  Marine  
  60  11:10  Missile Turret  
  52  11:21  Marine x3  
  55  11:26  Planetary Fortress  
  55  11:31  Refinery  
  55  11:32  Missile Turret  
  55  11:37  Rapid Reignition System  
  55  11:39  Marine x3  
  58  11:57  Marine x3  
  61  12:03  Missile Turret  
  61  12:06  Missile Turret  
  61  12:14  Marine  
  61  12:15  Marine x2  
  25  12:33  Marine  
Tags
 
Add a new tag
Caveats
  • Supply blocks, unpowered buildings, or Contaminate may cause inaccurate times.
  • Supply counts are checked every 10 seconds.